General information
- name: BNet
- type: Ladder 1vs1/FFA
- host: Battle.net
- saver: TIMG4STRok
map: TirisfalGlades
- players: 2
- length: 24:11
- speed: Fast
- version: 1.21 W3XP
- replay type:

» download(96 KB)
Players
team 1 (loser)
Moonwind (
green | 84 APM | 2015 actions | 24:06)
4 Demon Hunter
2 Mana Burn
2 Evasion
2 Naga Sea Witch
1 Frost Arrows
1 Forked Lightning
» actions
| Assign group hotkey | 37 | |
| Basic commands | 48 | |
| Build / train | 86 | |
| Enter build submenu | 20 | |
| Enter hero's abilities submenu | 6 | |
| Give item / drop item | 1 | |
| Remove unit from queue | 5 | |
| Right click | 849 | |
| Select / deselect | 474 | |
| Select group hotkey | 376 | |
| Use ability | 113 | |
2015 total
» units
| Wisp | 30 | |
| Huntress | 5 | |
| Archer | 8 | |
| Dryad | 3 | |
| Hippogryph | 5 | |
| Druid of the Talon | 11 | |
| Druid of the Claw | 2 | |
64 total
» upgrades
| Ultravision | 1 | |
| Druid of the Claw Training | 1 | |
| Druid of the Talon Training | 2 | |
| Mark of the Talon | 1 | |
5 total
» buildings
| Altar of Elders | 1 | |
| Moon Well | 8 | |
| Ancient of War | 1 | |
| Hunter's Hall | 1 | |
| Tree of Ages | 1 | |
| Ancient of Lore | 2 | |
| Ancient Protector | 2 | |
| Ancient of Wind | 3 | |
| Tree of Life | 1 | |
| Tree of Eternity | 1 | |
21 total
» build order
00:12 Altar of Elders
00:20 Moon Well
01:44 Ancient of War
01:53 Hunter's Hall
02:12 Moon Well
03:52 Tree of Ages
03:56 Moon Well
04:00 Moon Well
06:16 Ancient of Lore
08:09 Ancient of Lore
09:05 Ancient Protector
09:18 Ancient of Wind
10:42 Tree of Life
12:43 Moon Well
13:39 Moon Well
14:37 Moon Well
16:56 Ancient of Wind
17:42 Tree of Eternity
22:33 Ancient of Wind
23:12 Ancient Protector
23:15 Moon Well
» items
| Scroll of Town Portal | 1 | |
| Scroll of Healing | 1 | |
2 total
team 2 (winner)

»
TIMG4STRok (
yellow | 172 APM | 4152 actions | 24:11)
6 Death Knight
3 Death Coil
2 Unholy Aura
1 Animate Dead
6 Lich
3 Frost Nova
2 Frost Armor
1 Death and Decay
» actions
| Assign group hotkey | 41 | |
| Basic commands | 94 | |
| Build / train | 76 | |
| ESC pressed | 3 | |
| Enter build submenu | 19 | |
| Enter hero's abilities submenu | 12 | |
| Right click | 1968 | |
| Select / deselect | 229 | |
| Select group hotkey | 1612 | |
| Use ability | 98 | |
4152 total
» units
| Acolyte | 12 | |
| Ghoul | 8 | |
| Gargoyle | 10 | |
| Obsidian Statue | 3 | |
| Abomination | 7 | |
| Meatwagon | 1 | |
41 total
» upgrades
| Stone Form | 1 | |
| Disease Cloud | 1 | |
| Unholy Armor | 1 | |
| Destroyer Form | 2 | |
| Creature Attack | 1 | |
| Unholy Strength | 1 | |
| Creature Carapace | 1 | |
8 total
» buildings
| Crypt | 2 | |
| Altar of Darkness | 1 | |
| Ziggurat | 7 | |
| Tomb of Relics | 1 | |
| Halls of the Dead | 1 | |
| Graveyard | 1 | |
| Slaughterhouse | 4 | |
| Black Citadel | 1 | |
| Necropolis | 2 | |
20 total
» build order
00:06 Crypt
00:08 Altar of Darkness
00:24 Ziggurat
01:02 Tomb of Relics
01:57 Ziggurat
03:07 Halls of the Dead
03:54 Graveyard
04:01 Crypt
04:28 Ziggurat
06:24 Ziggurat
08:44 Slaughterhouse
10:11 Black Citadel
13:50 Slaughterhouse
14:04 Slaughterhouse
14:06 Ziggurat
14:06 Ziggurat
16:01 Necropolis
16:09 Slaughterhouse
22:25 Ziggurat
22:56 Necropolis
» items
| Rod of Necromancy | 4 | |
| Potion of Healing | 1 | |
| Orb of Corruption | 1 | |
| Scroll of Healing | 1 | |
| Sacrificial Skull | 1 | |
| Scroll of Town Portal | 1 | |
9 total
Chat log
(00:15 / All) Moonwind: hi
(00:18 / All) TIMG4STRok: gl hf
(00:25 / All) Moonwind: thx u2 !
(22:09 / All) TIMG4STRok: WOOPS
(22:14 / All) Moonwind: ^^
(23:42 / All) Moonwind: mm
(23:51 / All) Moonwind: gr why do i ahve to paly against pro :/